 Dungeon Crawl Stone Soup version 0.26.1-11-gd32895ea62 (webtiles) character file.

Game seed: 8818833741581988406

48 promet the Insei (level 3, -1/24 HPs)
             Began as an Octopode Transmuter on July 4, 2021.
             Slain by a quokka (3 damage)
             ... on level 2 of the Dungeon on July 5, 2021.
             The game lasted 00:09:11 (2014 turns).

promet the Insei (Octopode Transmuter)              Turns: 2014, Time: 00:09:12

Health: -1/24      AC:  1    Str:  9    XL:     3   Next: 72%
Magic:  6/6        EV: 13    Int: 15    God:
Gold:   48         SH:  0    Dex: 13    Spells: 3/6 levels left

rFire    . . .     SeeInvis .   a - +0 short sword
rCold    . . .     Faith    .   (no shield)
rNeg     . . .     Spirit   .   (helmet restricted)
rPois    .         Reflect  .   (no amulet)
rElec    .         Harm     .   (no ring)
rCorr    .         Rampage  .   (no ring)
Will     .....                  (no ring)
Stlth    +++.......             (no ring)
HPRegen  0.08/turn              (no ring)
MPRegen  0.10/turn              (no ring)
                                (no ring)
                                (no ring)

@: no status effects
A: almost no armour, stealthy swim, amphibious, 8 rings, constrict 8, camouflage
1, gelatinous body 1
a: no special abilities


You were on level 2 of the Dungeon.
You visited 1 branch of the dungeon, and saw 2 of its levels.

You collected 48 gold pieces.

Inventory:

Hand Weapons
 a - a +0 short sword (weapon)
 f - a +0 spear
Missiles
 b - 21 sling bullets
 c - 65 stones
 d - 9 arrows
Scrolls
 e - a scroll of identify {unknown}
 g - a scroll of fear
 h - a scroll of teleportation
 i - a scroll of remove curse {unknown}


   Skills:
 * Level 2.1 Fighting
 + Level 0.2 Short Blades
 + Level 0.1 Polearms
 + Level 2.1 Dodging
 + Level 1.3 Stealth
 + Level 3.4 Unarmed Combat
 + Level 2.2 Spellcasting
 + Level 2.1 Transmutations


You had 3 spell levels left.
You knew the following spells:

 Your Spells              Type           Power        Failure   Level
a - Beastly Appendage     Tmut           16%          9%          1
b - Wereblood             Tmut           8%           14%         2

Your spell library contained the following spells:

 Spells                   Type           Power        Failure   Level
 Spider Form              Tmut/Pois      2%           38%         3
 Ice Form                 Ice/Tmut       4%           80%         4
 Blade Hands              Tmut           4%           94%         5


Dungeon Overview and Level Annotations

Branches:
Dungeon (2/15)

Altars:


Innate Abilities, Weirdness & Mutations

You cannot wear most types of armour.
You are very stealthy in the water. (Stealth+)
You are amphibious.
You can wear up to eight rings at the same time.
You can use your tentacles to constrict eight enemies at once.
Your skin changes colour to match your surroundings (Stealth+).
Your rubbery body absorbs attacks. (AC +1, EV +1)


Message History

You hit the goblin.
You kill the goblin!
You barely miss the hobgoblin. You grab the hobgoblin.
You pierce the hobgoblin, but do no damage.
The hobgoblin is heavily wounded.
You constrict the hobgoblin. The hobgoblin hits you.
* * * LOW HITPOINT WARNING * * *
You hit the hobgoblin.
You kill the hobgoblin!
Your transformation is almost over.
The quokka completely misses you.
Your tentacle spike disappears.
The quokka closely misses you. The quokka completely misses you.
The quokka bites you.
* * * LOW HITPOINT WARNING * * *
You hit the quokka. Your grab misses the quokka.
The quokka is moderately wounded.
The quokka bites you.
You die...

...##.# #........#.# .#
.....!### #........#.#
......... ..#........#
.......##.##...#........#
..#....##.##...#........#
..#.....#.....##........#
..#...#.#.....##.#+######
...####.......##.#.....#
...#......#...#r@......#
.........>.............#
...#......#............#
####......#............#
# #...................#
#.....#####.#.##....#
#.....# #...........#
#...).# #.#.#.##....#
#.....# #.#.#.##....#


You could see a quokka.

Vanquished Creatures
  2 adders (D:2)
  A worm (D:2)
  A leopard gecko (D:1)
  4 giant cockroaches
  3 goblins
  A hobgoblin (D:2)
  3 bats (D:1)
  A frilled lizard (D:1)
  6 kobolds (D:1)
  7 rats
29 creatures vanquished.

Notes
Turn   | Place    | Note
-------+----------+-------------------------------------------
     0 | D:1      | promet the Octopode Transmuter began the quest for the Orb.
     0 | D:1      | Reached XP level 1. HP: 13/13 MP: 3/3
   249 | D:1      | Reached XP level 2. HP: 13/18 MP: 1/5
   384 | D:1      | Learned a level 2 spell: Wereblood
  1304 | D:2      | Reached XP level 3. HP: 9/23 MP: 4/6
  1307 | D:2      | Reached skill level 1 in Stealth
  2014 | D:2      | Slain by a quokka

Illustrated notes

Levels and vault maps discovered:
D:1:      lemuel_arrival_tunnels, layout_loops_corners
D:2:      layout_basic, st_stairs_11, chequers_serial_rivers_small_a

Skill      XL: |  1  2  3 |
---------------+----------+-----
Stealth        | 1 |  1.3
Fighting       | 2 |  2.1
Short Blades   | |  0.2
Polearms       | |  0.1
Dodging        | |  2.1
Unarmed Combat | |  3.4
Spellcasting   | |  2.2
Transmutations | |  2.1

Action                   || total
-------------------------++-------
Melee: Spear             ||    35
       Constrict         ||    24
       Tentacles         ||     7
       Kick              ||     9
       Short sword       ||    35
 Cast: Beastly Appendage ||    11
       Wereblood         ||     1
  Use: Scroll            ||     2
       Potion            ||     2
 Stab: Sleeping          ||     8
Armor: Skin              ||     3
Dodge: Dodged            ||    53
